 Dungeon Crawl Stone Soup version 0.28.0-53-g5a82cb258f (webtiles) character file.

Game seed: 9722111679642283360

56 chasder the Cutter (level 4, 0/35 HPs)
             Began as a Human Berserker on July 2, 2022.
             Was a Believer of Trog.
             Slain by a gnoll
             ... wielding a +0 halberd
              (4 damage)
             ... on level 2 of the Dungeon.
             The game lasted 00:22:15 (4422 turns).

chasder the Cutter (Human Berserker)                Turns: 4422, Time: 00:22:21

Health: 0/35       AC:  9    Str: 20    XL:     4   Next: 17%
Magic:  4/4        EV:  8    Int:  7    God:    Trog [**....]
Gold:   108        SH:  0    Dex: 12    Spells: 3/3 levels left

rFire   . . .      SeeInvis .   a - +0 short sword
rCold   . . .      Faith    .   (no shield)
rNeg    . . .      Spirit   .   c - +0 chain mail
rPois   .          Reflect  .   (no helmet)
rElec   .          Harm     .   (no cloak)
rCorr   .          Rampage  .   (no gloves)
Will    .....                   (no boots)
Stlth   ..........              (no amulet)
HPRegen 0.11/turn               (no ring)
MPRegen 0.09/turn               (no ring)

@: no status effects
A: no striking features
a: Renounce Religion, Berserk, Trog's Hand


You were on level 2 of the Dungeon.
You worshipped Trog.
Trog was pleased with you.
You visited 1 branch of the dungeon, and saw 2 of its levels.

You collected 108 gold pieces.

Inventory:

Hand Weapons
 a - a +0 short sword (weapon)
Missiles
 k - 9 arrows
Armour
 b - a +0 animal skin
 c - a +0 chain mail (worn)
 e - a +0 leather armour
 f - a +0 ring mail
Scrolls
 d - a scroll of teleportation {unknown}
 g - a scroll of fear {unknown}
 h - a scroll of identify {unknown}
Potions
 i - 2 potions of curing {unknown}
 j - 2 potions of haste {unknown}


   Skills:
 + Level 3.5 Fighting
 + Level 3.7 Short Blades
 + Level 2.7 Armour
 + Level 2.2 Dodging


You had 3 spell levels left.
You didn't know any spells.
Your spell library contained the following spells:

 Spells                   Type           Power      Damage    Failure   Level
 Portal Projectile        Hex/Tloc       0%         N/A       100%        3
 Blade Hands              Tmut           0%         N/A       100%        5
 Excruciating Wounds      Necr           0%         N/A       100%        5


Dungeon Overview and Level Annotations

Branches:
Dungeon (2/15)

Altars:


Message History

You open the door.
There is an open door here.
You open the door.
There is an open door here.
You now have 108 gold pieces (gained 14).
A gnoll comes into view. It is wielding a +0 halberd.
The gnoll shouts!
A gnoll comes into view. It is wielding a +0 club.
A gnoll comes into view. It is wielding a +0 halberd.
A bat comes into view.
An adder comes into view.
The adder moves out of view.
The adder bites you but does no damage. The adder closely misses you.
The gnoll hits you with a +0 halberd.
You closely miss the adder. The adder bites you. The gnoll closely misses you.
You hit the adder.
The adder is heavily wounded.
The adder bites you but does no damage. The gnoll barely misses you.
The adder closely misses you.
You closely miss the adder.
The adder is heavily wounded.
The gnoll hits you with a +0 halberd. The adder bites you but does no damage.
The gnoll barely misses you.
You barely miss the adder.
The adder is heavily wounded.
The gnoll hits you but does no damage.
The gnoll hits you from afar with a +0 halberd.
The adder closely misses you.
You barely miss the adder.
The adder is heavily wounded.
The gnoll hits you but does no damage. The gnoll hits you with a +0 halberd!
* * * LOW HITPOINT WARNING * * *
The adder bites you but does no damage. The gnoll closely misses you.
You barely miss the adder.
The adder is heavily wounded.
The adder bites you but does no damage. The gnoll barely misses you.
The gnoll hits you with a +0 halberd.
* * * LOW HITPOINT WARNING * * *
The gnoll hits you from afar with a +0 halberd.
You die...

.........#.......#
.#.########......#
#.. ...........#
###
#####......#######
+...<.........
#.......#.###
#.<.....# .
#.#...S#####
#.....@ggb.#
###.#.#g##.#
#.#.#.##.#####..
)...#.##...g.g..
##.###.#....###g.
... #.#.##.#
######## ## #.#.
.# .......# #.#.
.# ######.# #.#. .


You could see 3 gnolls, an adder and a bat.

Vanquished Creatures
  An adder (D:2)
  A worm (D:2)
  2 dart slugs (D:1)
  3 bats (D:1)
  4 endoplasms
  4 giant cockroaches (D:1)
  6 goblins
  2 hobgoblins
  3 ball pythons
  5 frilled lizards
  2 kobolds (D:1)
  6 rats
39 creatures vanquished.

Notes
Turn   | Place    | Note
-------+----------+-------------------------------------------
     0 | D:1      | chasder the Human Berserker began the quest for the Orb.
     0 | D:1      | Reached XP level 1. HP: 18/18 MP: 1/1
   258 | D:1      | Reached XP level 2. HP: 21/24 MP: 2/2
  1294 | D:1      | Reached XP level 3. HP: 18/29 MP: 3/3
  1948 | D:1      | Found a faded altar of an unknown god.
  2902 | D:2      | Reached ** piety under Trog
  3703 | D:2      | Reached XP level 4. HP: 18/35 MP: 4/4
  4422 | D:2      | Slain by a gnoll

Illustrated notes

Levels and vault maps discovered:
D:1:      dpeg_arrival_three_bigger_balls, layout_loops_corners,
          hellmonk_ecumenical_altar_leap_of_faith, supply_closet_lemuel,
          roderic_lattice_a, minmay_domino_4
D:2:      layout_basic

Action                   |  1- 3 |  4- 6 || total
-------------------------+-------+-------++-------
Melee: Short sword       |   134 |    17 ||   151
       Punch             |     2 |       ||     2
Armor: Chain mail        |    79 |    12 ||    91
Dodge: Dodged            |    58 |    10 ||    68
